 Seeded DCSS version 0.31.0-11-ge490571c62 (webtiles) character file.

Game seed: 2 (custom seed)

1 Kazon the Ruffian (level 1, -2/13 HPs)
             Began as an Octopode Shapeshifter on Feb 6, 2024.
             Succumbed to a goblin's poison
             ... on level 1 of the Dungeon.
             The game lasted 00:00:23 (48 turns).

Kazon the Ruffian (Octopode Shapeshifter)             Turns: 48, Time: 00:00:23

Health: -2/13      AC:  1    Str: 13    XL:     1   Next: 20%
Magic:  1/1        EV: 13    Int: 12    God:
Gold:   0          SH:  0    Dex: 11    Spells: 0/0 levels left

rFire   . .          .
                       - Unarmed
rCold   . . .        (no shield)
rNeg    . . .        (helmet currently unavailable)
rPois   .            (no amulet)
rElec   .            (no ring)
rCorr   .            (no ring)
SInv    .            (no ring)
Will    .....        (no ring)
Stlth   ++           (no ring)
HPRegen 0.22/turn    (no ring)
MPRegen 0.07/turn    (no ring)
                     (no ring)

%: no passive effects
@: lethally poisoned (-2 -> -20), beast-form
A: beast (slay +1), almost no armour, amphibious, 8 rings, camouflage 1,
gelatinous body 1, (nimble swimmer 1), tentacles
a: Begin Untransformation


You were on level 1 of the Dungeon.
You were a hulking beast.
You visited 1 branch of the dungeon, and saw 1 of its levels.

Inventory:

Talismans
 b - a beast talisman
 c - a flux talisman
Potions
 a - a potion of lignification


   Skills:
 + Level 1.0 Fighting
 + Level 2.0 Dodging
 + Level 3.1 Unarmed Combat
 + Level 3.0 Shapeshifting


You couldn't memorise any spells.
You didn't know any spells.
Your spell library was empty.

Dungeon Overview and Level Annotations

Branches:
Dungeon (1/15)

Altars:


Innate Abilities, Weirdness & Mutations

You are a hulking beast.
Your limbs bulge with bestial killing power. (Slay +1)
You cannot wear most types of armour.
You are amphibious.
You can wear up to eight rings at the same time.
Your skin changes colour to match your surroundings (Stealth+).
Your rubbery body absorbs attacks. (AC +1, EV +1)
((You are camouflaged when in or above water. (Stealth+)))
You have tentacles for arms and can constrict up to eight enemies at once.


Message History

Welcome, Kazon the Octopode Shapeshifter.
Game seed: 2 (custom seed); Press ? for a list of commands and other information.
Found a staircase leading out of the dungeon.
You open the large door.
There is a large open door here.
An endoplasm comes into view.
Found a scroll labelled ASUTOE PAER.
Found a quarterstaff.
You tentacle-slap the endoplasm but do no damage.
You tentacle-slap the endoplasm.
The endoplasm is heavily wounded.
You tentacle-slap the endoplasm.
You kill the endoplasm!
A goblin comes into view. It is wielding a +0 dagger.
You see here a +0 quarterstaff.
Found a stone staircase leading down.
A dart slug comes into view.
A goblin comes into view. It is wielding a +0 dagger of venom.
The dart slug launches a dart at you. The slug dart misses you.
The goblin shouts!
The goblin hits you with a +0 dagger of venom.
You are poisoned.
You tentacle-slap the goblin. Your grab misses the goblin.
The goblin is heavily wounded.
You feel sick.
The goblin hits you with a +0 dagger of venom.
You are lethally poisoned!
You tentacle-slap the goblin. Your grab misses the goblin.
The goblin is severely wounded.
* * * LOW HITPOINT WARNING * * *
You feel sick.
The goblin hits you with a +0 dagger of venom.
* * * LOW HITPOINT WARNING * * *
You are more poisoned.
You tentacle-slap the goblin.
You kill the goblin!
You die...

#############
#....h.......
#####.####)......
########...#.#
.###.##
.............# .#
.......#.###......#
######.#.# #.......
#.#.# #.......
##.##. w.####..
#####...##...> .


There were no monsters in sight!

Vanquished Creatures
  An endoplasm (D:1)
  A goblin (D:1)
2 creatures vanquished.

Notes
Turn   | Place    | Note
-------+----------+-------------------------------------------
     0 | D:1      | Kazon the Octopode Shapeshifter began the quest for the
                  | Orb.
     0 | D:1      | Reached XP level 1. HP: 13/13 MP: 1/1
    48 | D:1      | Succumbed to a goblin's poison

Illustrated notes

Levels and vault maps discovered:
D:1:      lightli_arrival_noodles, layout_loops_ring, skrybe_limestone_x

Action                     || total
---------------------------++-------
  Melee: Unarmed           ||     5
         Punch             ||     1
 Armour: Skin              ||     3
  Dodge: Dodged            ||     1
